 Dungeon Crawl Stone Soup version 0.29-a0-555-g3b24f45cc1 (webtiles) character file.

Game seed: 17673943642277023701

1179 croobank the Covert (level 8, -1/67 HPs)
             Began as a Gnoll Delver on June 7, 2022.
             Succumbed to a killer bee's poison
             ... on level 6 of the Dungeon.
             The game lasted 00:40:13 (7799 turns).

croobank the Covert (Gnoll Delver)                  Turns: 7799, Time: 00:40:13

Health: -1/67      AC:  6    Str: 13    XL:     8   Next: 42%
Magic:  12/12      EV: 14    Int: 10    God:
Gold:   145        SH:  0    Dex: 14    Spells: 9/13 levels left

rFire   . . .      SeeInvis .   a - +0 hand axe
rCold   . . .      Faith    .   (no shield)
rNeg    . . .      Spirit   .   b - +0 leather armour
rPois   .          Reflect  .   (no helmet)
rElec   .          Harm     .   r - +1 cloak
rCorr   .          Rampage  .   z - +0 pair of gloves
Will    .....                   (no boots)
Stlth   ++++......              (no amulet)
HPRegen 0.21/turn               (no ring)
MPRegen 0.13/turn               (no ring)

@: lethally poisoned (-1 -> -8)
A: fangs 1, strong nose, distributed training
a: no special abilities


You were on level 6 of the Dungeon.
You visited 1 branch of the dungeon, and saw 7 of its levels.

You collected 265 gold pieces.
You spent 120 gold pieces at shops.

Inventory:

Hand Weapons
 a - a +0 hand axe (weapon)
 f - a +0 dagger
 l - a +0 trident
 n - a +0 spear
 p - a +0 whip of pain
 x - a +0 halberd
Missiles
 d - 8 poisoned darts (quivered)
 h - 5 javelins
 j - 288 stones
 k - 4 boomerangs
Armour
 b - a +0 leather armour (worn)
 i - a +0 ring mail
 o - an orb of mayhem
 r - a +1 cloak (worn)
 z - a +0 pair of gloves (worn)
Jewellery
 s - a ring of flight
 A - an amulet of guardian spirit
Wands
 g - a wand of digging (2)
Scrolls
 c - 2 scrolls of fog
 u - 6 scrolls of identify
 w - a scroll of poison
 y - a scroll of teleportation
Potions
 e - a potion of attraction
 m - 2 potions of magic
 q - 3 potions of mutation


   Skills:
 + Level 7.3 Fighting
 + Level 3.2 Short Blades
 + Level 3.2 Long Blades
 + Level 5.6 Axes
 + Level 3.2 Maces & Flails
 + Level 3.2 Polearms
 + Level 3.2 Staves
 + Level 3.2 Slings
 + Level 3.2 Bows
 + Level 3.2 Crossbows
 + Level 3.2 Throwing
 + Level 3.2 Armour
 + Level 5.6 Dodging
 + Level 10.1 Stealth
 + Level 3.2 Shields
 + Level 3.2 Unarmed Combat
 + Level 3.2 Spellcasting
 + Level 2.6 Conjurations
 + Level 2.6 Hexes
 + Level 2.6 Summonings
 + Level 2.6 Necromancy
 + Level 2.6 Translocations
 + Level 2.6 Transmutations
 + Level 2.6 Fire Magic
 + Level 2.6 Ice Magic
 + Level 2.6 Air Magic
 + Level 2.6 Earth Magic
 + Level 2.6 Poison Magic
 + Level 3.5 Invocations
 + Level 3.2 Evocations


You had 9 spell levels left.
You knew the following spells:

 Your Spells              Type           Power      Damage    Failure   Level
a - Magic Dart            Conj           24%        1d4       12%         1
b - Beastly Appendage     Tmut           12%        N/A       12%         1
c - Wereblood             Tmut           6%         N/A       19%         2

Your spell library contained the following spells:

 Spells                   Type           Power      Damage    Failure   Level
 Call Canine Familiar     Summ           6%         N/A       34%         3
 Portal Projectile        Hex/Tloc       12%        N/A       34%         3
 Spider Form              Tmut/Pois      6%         N/A       34%         3
 Hailstorm                Conj/Ice       6%         3d4       75%         4
 Ice Form                 Ice/Tmut       6%         N/A       75%         4
 Leda's Liquefaction      Hex/Erth       3%         N/A       75%         4
 Dispersal                Tloc           3%         N/A       100%        6
 Simulacrum               Ice/Necr       3%         N/A       100%        6
 Disjunction              Tloc           3%         N/A       100%        8


Dungeon Overview and Level Annotations

Branches:
Dungeon (7/15)             Temple (0/1) D:5

Altars:
Qazlal
Trog
Zin
The Shining One

Shops:
D:1 !   D:6 (

Annotations:
D:5 Prince Ribbit, Sigmund
D:6 Grinder


Innate Abilities, Weirdness & Mutations

You have very sharp teeth.
Your uncanny sense of smell can sniff out nearby items.
Your experience applies equally to all skills.


Message History

The killer bee is heavily wounded.
You feel sick. The killer bee barely misses you. The killer bee misses you.
You miss the killer bee.
The killer bee is heavily wounded.
You feel sick. The killer bee stings you.
You are more poisoned.
The killer bee poisons you! The killer bee misses you.
Okay, then.
Okay, then.
You feel very sick. The killer bee barely misses you.
The killer bee closely misses you.
You feel sick. The killer bee stings you.
* * * LOW HITPOINT WARNING * * *
You are lethally poisoned!
The killer bee poisons you!
Okay, then.
Okay, then.
Sorry, you're not good enough to have a special ability.
You start putting on your amulet.
You continue putting on your amulet of guardian spirit.
Keep equipping yourself?
* * * LOW HITPOINT WARNING * * *
You feel very sick. The killer bee stings you.
* * * LOW HITPOINT WARNING * * *
The killer bee stings you but does no damage.
You continue putting on your amulet of guardian spirit.
* * * LOW HITPOINT WARNING * * *
You feel very sick. The killer bee misses you.
The killer bee closely misses you.
You continue putting on your amulet of guardian spirit.
* * * LOW HITPOINT WARNING * * *
You feel very sick. The killer bee barely misses you. x2
You continue putting on your amulet of guardian spirit.
* * * LOW HITPOINT WARNING * * *
You feel sick. The killer bee closely misses you.
The killer bee stings you but does no damage.
You continue putting on your amulet of guardian spirit.
You die...

... #.# # .# ##### #######.#####
.## #...# ∆.............
..##########.<.# ########...§.
...............######### ##..§§
..................##...## #.≈._
#.................#.###.#####.≈§.
.#######...........## ##......§§.
.# #.###....@y># #.###.....
.#######.# #...#.#.## ##.# ###...
.##...##.# #..[#.##.###.## #..# .
#......# ##.##.###..)## #..#
#...#### #.##.# ##.## #... ##.##
#....# #.# #... #.# ###### #.#
##.. #[# #.# #.. #.# #.###### #..


You could see a killer bee.

Vanquished Creatures
  A black bear (D:6)
  An ice beast (D:6)
  An ogre (D:6)
  A necrophage (D:4)
  2 scorpions
  4 killer bees
  A gnoll shaman (D:6)
  5 orc priests (D:6)
  5 orc wizards (D:6)
  5 adders
  8 gnolls
  A shadow imp (D:6)
  A white imp (D:6)
  A worm (D:2)
  2 dart slugs
  6 orcs (D:6)
  10 ball pythons
  4 bats
  10 endoplasms
  A giant cockroach (D:3)
  12 goblins
  8 hobgoblins
  2 jackals (D:1)
  7 kobolds
  2 quokkas
  4 frilled lizards
  3 rats
108 creatures vanquished.

Vanquished Creatures (collateral kills)
  An orc wizard (D:6)
  2 gnolls (D:6)
3 creatures vanquished.

Grand Total: 111 creatures vanquished

Notes
Turn   | Place    | Note
-------+----------+-------------------------------------------
     0 | D:5      | Reached skill level 9 in Stealth
     0 | D:5      | croobank the Gnoll Delver began the quest for the Orb.
     0 | D:5      | Reached XP level 1. HP: 23/23 MP: 1/1
    13 | D:5      | Noticed an ice beast
    24 | D:5      | Noticed an orc priest
    82 | D:4      | Noticed a scorpion
   132 | D:4      | Killed a scorpion
   133 | D:4      | Reached skill level 1 in Short Blades
   133 | D:4      | Reached skill level 1 in Long Blades
   133 | D:4      | Reached skill level 1 in Maces & Flails
   133 | D:4      | Reached skill level 1 in Polearms
   133 | D:4      | Reached skill level 1 in Staves
   133 | D:4      | Reached skill level 1 in Slings
   133 | D:4      | Reached skill level 1 in Bows
   133 | D:4      | Reached skill level 1 in Crossbows
   133 | D:4      | Reached skill level 1 in Throwing
   133 | D:4      | Reached skill level 1 in Armour
   133 | D:4      | Reached skill level 1 in Shields
   133 | D:4      | Reached skill level 1 in Unarmed Combat
   133 | D:4      | Reached skill level 1 in Spellcasting
   133 | D:4      | Reached skill level 1 in Invocations
   133 | D:4      | Reached skill level 1 in Evocations
   133 | D:4      | Reached XP level 2. HP: 3/29 MP: 1/3
   133 | D:4      | Reached XP level 3. HP: 4/35 MP: 1/4
   133 | D:4      | Reached XP level 4. HP: 5/41 MP: 1/5
   135 | D:4      | HP: 2/41 [poisoned by a scorpion]
   473 | D:4      | Found a glowing golden altar of the Shining One.
   503 | D:4      | You fall into a shaft and drop 2 floors!
   503 | D:6      | Found Wejipn's Weapon Shop.
   517 | D:6      | Found a bloodstained altar of Trog.
   678 | D:5      | Noticed a black bear
   915 | D:3      | Reached skill level 1 in Conjurations
   915 | D:3      | Reached skill level 1 in Hexes
   915 | D:3      | Reached skill level 1 in Summonings
   915 | D:3      | Reached skill level 1 in Necromancy
   915 | D:3      | Reached skill level 1 in Translocations
   915 | D:3      | Reached skill level 1 in Transmutations
   915 | D:3      | Reached skill level 1 in Fire Magic
   915 | D:3      | Reached skill level 1 in Ice Magic
   915 | D:3      | Reached skill level 1 in Air Magic
   915 | D:3      | Reached skill level 1 in Earth Magic
   915 | D:3      | Reached skill level 1 in Poison Magic
  1409 | D:1      | Reached XP level 5. HP: 47/47 MP: 6/6
  2035 | D:1      | Found Goatwu's Distillery.
  2044 | D:1      | Bought a potion of might for 40 gold pieces
  2044 | D:1      | Bought a potion of curing for 30 gold pieces
  2044 | D:1      | Bought a potion of heal wounds for 50 gold pieces
  2878 | D:2      | Found a faded altar of an unknown god.
  2882 | D:2      | Got Plato's Volume of Conjuration
  3035 | D:2      | Learned a level 1 spell: Magic Dart
  3710 | D:3      | Found a glowing silver altar of Zin.
  4045 | D:3      | Reached XP level 6. HP: 31/53 MP: 8/8
  4325 | D:3      | Reached skill level 5 in Axes
  4325 | D:3      | Reached skill level 5 in Dodging
  5686 | D:5      | Noticed Sigmund
  5698 | D:5      | Noticed Prince Ribbit
  5722 | D:6      | Noticed an ice beast
  5745 | D:6      | Killed an ice beast
  5746 | D:6      | Reached XP level 7. HP: 18/59 MP: 6/10
  6165 | D:6      | Found a stormy altar of Qazlal.
  6561 | D:6      | Learned a level 1 spell: Beastly Appendage
  6708 | D:6      | Reached skill level 10 in Stealth
  6791 | D:6      | Noticed Grinder
  6799 | D:6      | Paralysed by Grinder for 5 turns
  7000 | D:6      | Reached XP level 8. HP: 39/67 MP: 12/12
  7387 | D:7      | Learned a level 2 spell: Wereblood
  7797 | D:6      | HP: 2/67 [poisoned by a killer bee]
  7799 | D:6      | Succumbed to a killer bee's poison

Illustrated notes

Levels and vault maps discovered:
D:1:      wheals_arrival_linesprint, layout_basic, serial_shops,
          nicolae_shop_statue_plus
D:2:      layout_basic, shapermc_ecumenical_altar_rom_forum
D:3:      layout_loops_corners, lemuel_crystal_altar, serial_aquarium,
          aquarium_bridge_square [aquarium_subvault_bridge,
          aquarium_subvault_bridge, aquarium_subvault_window,
          aquarium_subvault_window], aquarium_bridge_straight
          [aquarium_subvault_bridge, aquarium_subvault_window,
          aquarium_subvault_bridge, aquarium_subvault_wall],
          aquarium_window_fake, aquarium_window_corridor_1,
          aquarium_window_fake, aquarium_window_fake, aquarium_view_2c,
          aquarium_balcony_3a
D:4:      layout_basic, lemuel_doored_altar
D:5:      layout_cave_pools, minmay_temple_entry_ruins,
          kennysheep_generic_room_6, uniq_prince_ribbit1, uniq_sigmund,
          uniq_edmund
D:6:      layout_loops_ring, nicolae_qazlal_scattered_showers,
          trog_hazing_becter, serial_shops, nicolae_shop_bloodbath_and_beyond,
          minivault_26, st_stairs_3, minmay_a_box_with_orc_wizards_in_it,
          uniq_grinder
D:7:      layout_gridville, mainiacjoe_overflow_24_doors,
          gup_ossuary_entry_pyramid, serial_shops, kennysheep_mini_moat,
          kb_rosetta

Skill      XL: |  1  2  3  4  5  6  7  8 |
---------------+-------------------------+-----
Stealth        | 10 | 10.1
Short Blades   | 1 2 3 |  3.2
Long Blades    | 1 2 3 |  3.2
Maces & Flails | 1 2 3 |  3.2
Polearms       | 1 2 3 |  3.2
Staves         | 1 2 3 |  3.2
Slings         | 1 2 3 |  3.2
Bows           | 1 2 3 |  3.2
Crossbows      | 1 2 3 |  3.2
Throwing       | 1 2 3 |  3.2
Armour         | 1 2 3 |  3.2
Shields        | 1 2 3 |  3.2
Unarmed Combat | 1 2 3 |  3.2
Spellcasting   | 1 2 3 |  3.2
Invocations    | 1 2 3 |  3.5
Evocations     | 1 2 3 |  3.2
Conjurations   | 1 2 |  2.6
Hexes          | 1 2 |  2.6
Summonings     | 1 2 |  2.6
Necromancy     | 1 2 |  2.6
Translocations | 1 2 |  2.6
Transmutations | 1 2 |  2.6
Fire Magic     | 1 2 |  2.6
Ice Magic      | 1 2 |  2.6
Air Magic      | 1 2 |  2.6
Earth Magic    | 1 2 |  2.6
Poison Magic   | 1 2 |  2.6
Axes           | 5 |  5.6
Dodging        | 5 |  5.6
Fighting       | 7 |  7.3

Action                   |  1- 3 |  4- 6 |  7- 9 || total
-------------------------+-------+-------+-------++-------
Melee: Hand axe          |     4 |   276 |   163 ||   443
       Bite              |     1 |    44 |    21 ||    66
       Dagger            |       |    25 |     1 ||    26
       Punch             |       |     4 |     6 ||    10
       Halberd           |       |       |     4 ||     4
       Kick              |       |       |     3 ||     3
       Headbutt          |       |       |     2 ||     2
Throw: Dart              |     2 |    10 |       ||    12
       Javelin           |       |     2 |       ||     2
       Throwing net      |       |       |     1 ||     1
 Cast: Magic Dart        |       |     4 |     2 ||     6
       Beastly Appendage |       |       |     2 ||     2
       Wereblood         |       |       |     1 ||     1
Evoke: Wand              |       |     1 |       ||     1
  Use: Scroll            |     2 |     9 |     4 ||    15
       Potion            |     1 |     2 |     8 ||    11
 Stab: Sleeping          |     1 |    22 |     2 ||    25
       Distracted        |       |     1 |       ||     1
       Held in net/web   |       |       |     1 ||     1
Armor: Leather armour    |     1 |    45 |    55 ||   101
Dodge: Dodged            |     7 |   166 |   144 ||   317

Table legend: (Time is in decaauts)
 A = Elapsed time spent in this place.
 B = Non-inter-level travel time spent in this place.
 C = Inter-level travel time spent in this place.
 D = Time resting spent in this place.
 E = Time spent auto-exploring this place.
 F = Levels seen in this place.
 G = Mean time per level.
                   A        B        C        D        E       F      G
               +--------+--------+--------+--------+--------+-----+--------+
         Total |   7817 |   7632 |    185 |   1832 |   4205 |   7 | 1116.7 |
       Dungeon |   7817 |   7632 |    185 |   1832 |   4205 |   7 | 1116.7 |
               +--------+--------+--------+--------+--------+-----+--------+

Top non-repeatable levels by time:
     D:6: 2243 daAuts
     D:3: 1671 daAuts
     D:2: 1430 daAuts
     D:4: 1302 daAuts
     D:1: 1007 daAuts
     D:5: 109 daAuts
     D:7: 53 daAuts
